 Dungeon Crawl Stone Soup version 0.25-a0-719-gde951dce62 (webtiles) character file.

Game seed: 711383591406986193, levelgen mode: deterministic

153714 Maedhros the Unseen (level 16, -16/82 HPs)
             Began as a Felid Chaos Knight on Apr 6, 2020.
             Was a High Priest of Zin.
             Shot with a bolt by a yaktaur captain (19 damage)
             ... on level 1 of the Vaults.
             The game lasted 03:21:02 (124401 turns).

Maedhros the Unseen (Felid Chaos Knight)          Turns: 124401, Time: 03:21:03

Health: -16/82     AC:  6    Str: 19    XL:     16   Next: 76%
Magic:  20/33      EV: 39    Int: 27    God:    Zin [*****.]
Gold:   815        SH:  0    Dex: 29    Spells: 0/33 levels left
                                        Lives:  0   Deaths: 2

rFire    + + +     SeeInvis +     - Unarmed
rCold    + . .     Gourm    .   (shield unavailable)
rNeg     . . .     Faith    .   (armour unavailable)
rPois    ∞         Spirit   .   (helmet unavailable)
rElec    +         Reflect  .   (cloak unavailable)
rCorr    .         Harm     .   (gloves unavailable)
MR       +++++     Clarity  +   (boots unavailable)
Stlth    ++++++++..             (no amulet)
HPRegen  0.23/turn              w - ring of the Mage {Wiz MR++ Int+3}
MPRegen  0.23/turn              h - +6 ring of evasion

@: vitalised, quick
A: very small, no armour, no weapons or thrown items, stealth, antennae 3, claws
1, fangs 3, iridescent scales 1, rugged brown scales 1, thin skeletal structure
1, see invisible, agile 1, blink, carnivore, clarity, clever 2, fire resistance
3, speed 1, high mp 1, magic resistance 3, sense surroundings 3, robust 1,
shaggy fur 3, electricity resistance, slow metabolism 1, strong 2, wild magic 1,
MP-powered wands, sharp paws
}: 1/15 runes: gossamer
a: Blink, Recite, Vitalisation, Imprison, Sanctuary, Donate Gold, Renounce
Religion


You were on level 1 of the Vaults.
You worshipped Zin.
Zin was extremely pleased with you.
You were not hungry.

You visited 10 branches of the dungeon, and saw 35 of its levels.
You visited the Abyss 1 time.
You also visited: Bailey and Volcano.

You collected 7862 gold pieces.
You spent 2207 gold pieces at shops.
You donated 4840 gold pieces to Zin.

Inventory:

Missiles
 b - 881 arrows
Jewellery
 c - an uncursed amulet of guardian spirit
 d - an uncursed amulet of rage
 h - a +6 ring of evasion (right paw)
 q - an uncursed ring of ice
 w - the ring of the Mage (left paw) {Wiz MR++ Int+3}
   (You found it on level 3 of the Elven Halls)

   [ring of wizardry]

   It improves your spell success rate.
   It affects your intelligence (+3).
   It affects your resistance to hostile enchantments.
 A - an uncursed ring of wizardry
 Y - an uncursed ring of fire
 Z - a +5 ring of strength
Wands
 k - a wand of flame (5)
 x - a wand of enslavement (7)
Scrolls
 e - a scroll of silence
 g - a scroll of summoning
 j - 10 scrolls of remove curse
 l - a scroll of blinking
 m - 2 scrolls of identify
 n - 2 scrolls of fog
 o - 8 scrolls of amnesia
 r - 9 scrolls of teleportation
 s - 7 scrolls of immolation
 u - a scroll of acquirement {unknown}
 v - 4 scrolls of magic mapping
 y - a scroll of brand weapon {unknown}
 K - 7 scrolls of fear
 O - 3 scrolls of vulnerability
Potions
 i - 8 potions of ambrosia
 p - 3 potions of magic
 t - 4 potions of cancellation
 z - 2 potions of resistance
 D - 9 potions of brilliance
 G - 3 potions of mutation
 L - 4 potions of flight
 N - 5 potions of curing
 P - 4 potions of haste
 Q - 6 potions of might
 R - 3 potions of invisibility
 S - 6 potions of stabbing
 V - 4 potions of berserk rage
Miscellaneous
 f - a phial of floods (inert)
 B - a lightning rod (4/4)
 C - a phantom mirror
Comestibles
 a - 32 rations


   Skills:
 + Level 10.0 Fighting
 + Level 11.9 Dodging
 - Level 17.0 Stealth
 + Level 12.0 Unarmed Combat
 * Level 9.2 Spellcasting
 - Level 5.3 Conjurations
 - Level 10.2 Hexes
 - Level 4.3 Charms
 - Level 6.2 Summonings
 - Level 9.0 Transmutations
 - Level 3.0 Fire Magic
 - Level 6.0 Ice Magic
 - Level 6.0 Air Magic
 - Level 8.5 Poison Magic
 - Level 15.0 Invocations
 - Level 9.4 Evocations


You couldn't memorise any spells.
You knew the following spells:

 Your Spells              Type           Power        Failure   Level  Hunger
a - Confusing Touch       Hex            ######..     1%          3    None
b - Inner Flame           Hex/Fire       ######..     1%          3    None
c - Sticks to Snakes      Tmut           ######..     1%          2    None
d - Olgreb's Toxic Radia  Pois           ######..     1%          4    #......
e - Ozocubu's Armour      Chrm/Ice       ######..     1%          3    None
f - Summon Lightning Spi  Summ/Air       ######..     2%          4    #......
g - Frozen Ramparts       Ice            ######       1%          3    None
h - Eringya's Noxious Bo  Tmut/Pois      ######....   12%         6    ######.
i - Ignite Poison         Fire/Tmut/Pois ######..     1%          3    None
j - Static Discharge      Conj/Air       ######..     1%          3    None

Your spell library contained the following spells:

 Spells                   Type           Power        Failure   Level  Hunger
 Beastly Appendage        Tmut           ######       1%          1    None
 Corona                   Hex            ######.      1%          1    None
 Freeze                   Ice            ####         1%          1    None
 Magic Dart               Conj           ####         1%          1    None
 Ensorcelled Hibernation  Hex/Ice        ######       1%          2    None
 Searing Ray              Conj           ######       1%          2    None
 Dazzling Flash           Conj/Hex       ######       1%          3    None
 Spider Form              Tmut/Pois      ######....   1%          3    None
 Summon Guardian Golem    Hex/Summ       ######..     1%          3    None
 Tukima's Dance           Hex            ######..     1%          3    None
 Fulminant Prism          Conj/Hex       ######....   1%          4    #......
 Ice Form                 Ice/Tmut       ######..     1%          4    #......
 Yara's Violent Unravell  Hex/Tmut       ######....   1%          5    ####...
 Summon Ice Beast         Ice/Summ       ######..     2%          4    #......
 Alistair's Intoxication  Tmut/Pois      ######..     2%          5    ####...
 Blade Hands              Tmut           ######....   2%          5    ####...
 Hailstorm                Conj/Ice       ######..     3%          4    #......
 Metabolic Englaciation   Hex/Ice        ######....   3%          5    ####...
 Silence                  Hex/Air        ######....   3%          5    ####...
 Sublimation of Blood     Necr           ###.......   4%          2    None
 Petrify                  Tmut/Erth      #####...     4%          4    #......
 Irradiate                Conj/Tmut      ######....   4%          5    ####...
 Lightning Bolt           Conj/Air       ######....   8%          5    ####...
 Gell's Gravitas          Tloc           ###.......   9%          3    None
 Iskenderun's Mystic Bla  Conj/Tloc      ####....     9%          4    #......
 Iskenderun's Battlesphe  Conj/Chrm      #####...     11%         5    ####...
 Hydra Form               Tmut           ######....   11%         6    ######.
 Bolt of Magma            Conj/Fire/Erth #####.....   21%         5    ####...
 Conjure Ball Lightning   Conj/Air       ######....   32%         6    ######.
 Deflect Missiles         Chrm/Air       ######....   38%         6    ######.
 Dragon Form              Tmut           ######....   43%         7    #######
 Statue Form              Tmut/Erth      #####....    47%         6    ######.
 Iron Shot                Conj/Erth      ####......   71%         6    ######.
 Spellforged Servitor     Conj/Summ      ######....   83%         7    #######
 Orb of Destruction       Conj           ######....   88%         7    #######
 Haunt                    Necr/Summ      #####.....   99%         7    #######
 Borgnjor's Revivificati  Necr           ###.......   100%        8    #######
 Death's Door             Chrm/Necr      ####......   100%        8    #######
 Ignition                 Fire           #####.....   100%        8    #######
 Infestation              Necr           ###.......   100%        8    #######
 Necromutation            Tmut/Necr      #####.....   100%        8    #######
 Shatter                  Erth           ###.......   100%        9    #######
 Tornado                  Air            ######....   100%        9    #######


Dungeon Overview and Level Annotations

Branches:
Dungeon (15/15)            Temple (1/1) D:7            Lair (6/6) D:9
 Shoals (1/4) Lair:4       Spider (4/4) Lair:4        Slime (1/5) Lair:6
    Orc (2/2) D:10            Elf (3/3) Orc:2        Vaults (1/5) D:13
 Depths (1/5) D:15         Bailey (visited)         Volcano (visited)

Altars:
Ashenzari
Cheibriados
Dithmenos
Elyvilon
Fedhas
Gozag
Hepliaklqana
Kikubaaqudgha
Makhleb
Nemelex Xobeh
Okawaru
Qazlal
Ru
Sif Muna
Trog
Uskayaw
Vehumet
Wu Jian
Xom
Yredelemnul
Zin
The Shining One
Beogh

Shops:
D:8 !   D:11 [   D:13 %   Orc:2 }![![   Elf:1 [   Elf:2 ?

Annotations:
D:2 1 runed translucent door, Crazy Yiuf
D:12 Emudif's ghost, journeyman DrCj
Lair:1 exclusion: oklob plant
Lair:3 exclusion: ice statue
Elf:2 3 runed translucent doors


Innate Abilities, Weirdness & Mutations

You cannot wear armour.
You are incapable of wielding weapons or throwing items.
Your paws allow you to move quietly. (Stealth)
You have sharp claws.
You have razor-sharp teeth.
You have supernaturally acute eyesight. (SInv)
You are carnivorous and can eat meat at any time.
You cover ground quickly.
Your thick and shaggy fur keeps you warm. (AC +3, rC+)
You have a slow metabolism.
Your sharp claws are effective at attacking unaware monsters.
You have a pair of large antennae on your head. (SInv)
You are partially covered in iridescent scales. (AC +2)
You are partially covered in rugged brown scales. (AC +1, +3% HP)
You have a somewhat thin skeletal structure. (Dex +2, Stealth)
You are agile. (Dex +2)
You can translocate small distances at will.
You possess an exceptional clarity of mind.
Your mind is very acute. (Int +4)
Your flesh is almost immune to the effects of heat. (rF+++)
You have an increased reservoir of magic. (+10% MP)
You are extremely resistant to the effects of hostile enchantments. (MR+++)
You passively map a large area around you.
You are robust. (+10% HP)
You are resistant to electric shocks. (rElec)
Your muscles are very strong. (Str +4)
Your spells are a little harder to cast, but a little more powerful.
You expend magic power (3 MP) to strengthen your wands.


Message History

The vault warden is dazed by your recitation.
The vault warden shouts!
The yaktaur is confused by your recitation.
The yaktaur shouts!
The yaktaur captain is dazed by your recitation.
The yaktaur is confused by your recitation.
The yaktaur is dazed by your recitation.
The yaktaur is engulfed in blazing flames.
The yaktaur captain is lost in a daze.
Unknown command.
Zin grants you divine stamina.
Zin will no longer cleanse your potions of mutation. "...shall be swift and harsh!"
You finish reciting Ablutions 17:43.
The yaktaur shoots a bolt.
The bolt hits you!
* * * LOW HITPOINT WARNING * * *
The vault warden is lost in a daze.
The yaktaur captain wields a +0 arbalest.
The yaktaur captain shoots a bolt.
The bolt hits you!!
You die...

* * ** .... ,,
,,, , ......*
* , ,* ,
.{....* , * ,,
,%.....# ,, ,
, , .c. ..# ,
*
#####c###..#*
, *,
,,#.....(.#c.#
,,* * * , ∩
#.(..≈≈≈#.c# ,
,, , ,
#.@p≈..§#.c# ,
, ,, ,
+..<...§#..# ,
* , ,
#.......§cc#,
, ,,
*,#(....c.#c.#
, , ,, ,
#+#####+#..# *
* , , , , ..#
, ** **, , * *
..# ,, , *
,*,* * ,,* ..#
* * * * *..# *


You could see a vault warden (dazed), a yaktaur captain (dazed) and 4 yaktaurs.

Vanquished Creatures
  Nikola (D:15)
  A deep elf master archer (Elf:3)
  An acid blob (Depths:1)
  2 azure jellies
  A frost giant (Orc:1)
  3 deep elf sorcerers (Elf:3)
  3 ghost moths
  7 deep elf elementalists
  3 emperor scorpions
  2 entropy weavers
  3 deep elf demonologists (Elf:3)
  A dire elephant (Lair:6)
  A deep elf annihilator (Elf:3)
  3 death oozes
  4 ettins
  A deep elf death mage (Elf:3)
  A ragged hierophant (Elf:2)
  A rakshasa (D:14)
  Josephine (Orc:2)
  Harold (D:7)
  2 deep elf high priests (Elf:3)
  A catoblepas (Lair:6)
  A vault guard (D:13)
  2 ogre magi
  8 hydras
  Erica (D:11)
  A merfolk aquamancer (Shoals:1)
  6 centaur warriors
  9 two-headed ogres
  10 dancing weapons
  15 death yaks
  A tengu warrior (D:15)
  A hell hog (Volcano)
  Urug (Lair:2)
  4 orc high priests
  Sonja (D:12)
  4 deep elf knights
  Nergalle (D:10)
  7 skeletal warriors
  A sea snake (Shoals:1)
  2 wizards (D:12)
  3 unseen horrors
  A glowing orange brain (D:15)
  5 orc knights
  12 deep elf archers
  A lindwurm (Lair:6)
  6 orc sorcerers
  16 orb spiders
  19 ugly things
  39 deep elf magi
  3 manticores
  20 cyclopes
  3 salamanders (Volcano)
  16 wolf spiders
  A cyclops (shapeshifter) (D:15)
  21 elephants
  A centaur zombie (D:13)
  12 slime creatures
  2 moths of wrath
  7 black mambas
  3 merfolk sirens
  5 torpor snails
  4 gargoyles
  20 spiny frogs
  4 rime drakes
  An efreet (D:13)
  A kobold demonologist (D:11)
  10 demonic crawlers
  2 freezing wraiths
  10 komodo dragons
  A yaktaur (Vaults:1)
  5 merfolk
  2 polar bears
  24 jumping spiders
  11 hornets
  A queen bee (Lair:4)
  6 trolls
  A slime creature (shapeshifter) (Elf:3)
  6 meliai
  A queen bee (shapeshifter) (D:15)
  A wind drake (Shoals:1)
  6 blink frogs
  5 dream sheep (Lair:6)
  3 saltlings
  11 hippogriffs
  3 raiju (Abyss:1)
  A redback (shapeshifter) (Elf:3)
  75 redbacks
  3 shadows
  7 wraiths
  3 wyverns
  33 tarantellas
  54 yaks
  A ynoxinul (D:2)
  3 fire elementals (Elf:1)
  2 fire bats (Volcano)
  A vampire (D:13)
  5 water elementals
  A golden eye (Orc:1)
  Grum (D:11)
  A steam dragon (D:10)
  7 basilisks
  2 hungry ghosts
  3 vampire mosquitoes (D:12)
  A small abomination (Abyss:1)
  Menkaure (D:7)
  An acid dragon (D:9)
  7 wargs
  3 soldier ants
  13 water moccasins
  A hell hound (Volcano)
  8 porcupines
  9 ice beasts
  3 necrophages
  29 orc warriors
  A sky beast (D:10)
  A black bear (D:9)
  A phantom (D:7)
  18 centaurs
  20 wolves
  10 ogres
  5 boggarts
  28 crocodiles
  4 big kobolds
  A gnoll sergeant (D:7)
  A wyvern zombie (D:14)
  14 bullfrogs
  2 earth elementals (Elf:2)
  2 scorpions
  41 killer bees
  3 wights (D:9)
  10 howler monkeys
  7 electric eels
  6 crimson imps
  2 bullfrog zombies
  10 centaur skeletons
  14 jellies
  6 hounds
  14 orc priests
  25 orc wizards
  5 bullfrog skeletons
  10 iguanas
  A hell rat (Lair:4)
  15 worker ants
  2 hound zombies
  2 hound skeletons
  13 gnolls
  A river rat (Lair:4)
  7 adders
  5 shadow imps
  2 white imps
  An ufetubus (D:3)
  7 oozes
  An adder zombie (D:7)
  4 dart slugs
  10 leopard geckos
  78 orcs
  5 giant cockroaches
  13 goblins
  7 hobgoblins
  4 jackals (D:3)
  12 kobolds
  2 quokkas
  2 ball pythons
  8 bats
  7 frilled lizards
  2 jackal skeletons
  3 rats
  4 butterflies (Lair:4)
  A crawling corpse (Elf:3)
1214 creatures vanquished.

Vanquished Creatures (collateral kills)
  A deep elf knight (Elf:3)
  A deep elf mage (Elf:1)
  A centaur zombie (D:6)
  A komodo dragon (Lair:2)
  An orc warrior (D:9)
  A hound (D:9)
  An iguana (D:9)
  An orc wizard (D:9)
  A worker ant zombie (D:6)
9 creatures vanquished.

Vanquished Creatures (others)
  A deep elf blademaster (Elf:3)
  2 acid blobs
  2 azure jellies (Depths:1)
  2 emperor scorpions (Spider:4)
  A deep elf sorcerer (Elf:3)
  A deep elf elementalist (Elf:3)
  A stone giant (Depths:1)
  2 deep elf demonologists
  2 deep elf annihilators (Elf:3)
  2 deep elf death magi (Elf:3)
  4 deep elf high priests
  A hydra (D:13)
  3 vault guards (D:13)
  A dancing weapon (Elf:3)
  A deep elf knight (Elf:1)
  2 unseen horrors (D:13)
  2 deep elf magi (Elf:1)
  3 ugly things
  2 cyclopes (D:13)
  A yaktaur (Vaults:1)
  A jumping spider (Spider:3)
  5 slime creatures
  A blink frog (shapeshifter) (D:13)
  2 redbacks (Spider:4)
  A tarantella (Spider:4)
  An ogre (D:13)
  A centaur (Depths:1)
  An orc wizard (D:13)
  2 orcs
  A bat (D:1)
  A hobgoblin (D:1)
  A kobold (D:1)
  A rat (D:1)
  3 crawling corpses (Elf:3)
  A fire vortex (D:2)
  10 fungi
  5 pillars of salt
  16 plants
90 creatures vanquished.

Grand Total: 1313 creatures vanquished

Notes
Turn   | Place    | Note
-------+----------+-------------------------------------------
     0 | D:1      | Maedhros the Felid Chaos Knight began the quest for the
                  | Orb.
     0 | D:1      | Reached XP level 1. HP: 10/10 MP: 2/2
   165 | D:1      | Reached XP level 2. HP: 6/14 MP: 3/3
   253 | D:1      | XOM: harmless Tmut miscast
   507 | D:1      | XOM: silly message
   757 | D:1      | XOM: divination: magic mapping
   952 | D:1      | XOM: noise
  1115 | D:1      | XOM is BORED!
  1115 | D:1      | XOM: noise
  1460 | D:1      | XOM: 3-stop teleportation journey
  2363 | D:1      | XOM: god gift: broad axe {god gift}
  2482 | D:1      | XOM: 2-stop teleportation journey
  2515 | D:1      | XOM: divination: magic mapping
  2786 | D:1      | XOM is BORED!
  3051 | D:1      | XOM: 4-stop teleportation journey
  4950 | D:1      | XOM: harmless Air miscast
  5500 | D:2      | Found a blossoming altar of Fedhas.
  5501 | D:2      | Found a glowing golden altar of the Shining One.
  5502 | D:2      | Found a radiant altar of Vehumet.
  5502 | D:2      | Found a hazy altar of Hepliaklqana.
  5503 | D:2      | Found a basalt altar of Yredelemnul.
  5503 | D:2      | Found a hide-covered altar of Uskayaw.
  5653 | D:2      | Found a faded altar of an unknown god.
  5751 | D:2      | Reached XP level 3. HP: 17/17 MP: 4/4
  6007 | D:2      | Found a runed translucent door.
  6008 | D:2      | Noticed Crazy Yiuf
  6219 | D:2      | XOM: give mutations
  6499 | D:2      | XOM: mild Summ miscast
  6888 | D:2      | XOM is BORED!
  6888 | D:2      | XOM: draining
  7240 | D:2      | XOM: summons 1 hostile demon
  7256 | D:2      | XOM: polymorph crimson imp -> iron imp
  7660 | D:2      | XOM: harmless Ice miscast
  7985 | D:2      | XOM: torment (10/17 hp)
  8163 | D:2      | XOM is BORED!
  8177 | D:2      | XOM: harmless Conj miscast
  8317 | D:2      | XOM: torment (10/17 hp)
  8748 | D:2      | XOM: mild Conj miscast
  8875 | D:2      | XOM: harmless Tmut miscast
  9144 | D:3      | XOM: cleaving
  9150 | D:3      | XOM: divination: magic mapping
  9161 | D:3      | Reached skill level 5 in Unarmed Combat
  9161 | D:3      | Reached XP level 4. HP: 21/21 MP: 5/5
  9219 | D:2      | XOM: harmless Ice miscast
  9511 | D:2      | XOM: stat loss: -1 Dex (12/16)
  9531 | D:2      | XOM: medium Fire miscast
  9565 | D:2      | XOM: give mutation
  9565 | D:2      | Gained mutation: You are agile. (Dex +2) [Xom's grace]
  9682 | D:2      | XOM: god gift: bone wand {god gift}
  9802 | D:2      | XOM: mild Necr miscast
 10294 | D:2      | XOM: silly message
 10315 | D:2      | XOM: confusion (+ monsters)
 10328 | D:2      | XOM: harmless Tloc miscast
 10373 | D:2      | XOM: confusion
 10383 | D:2      | XOM: enchant monster (bad)
 10437 | D:2      | XOM: stat loss: -1 Dex (13/18)
 10438 | D:2      | XOM: draining
 10470 | D:2      | XOM: confusion
 10490 | D:2      | XOM: confuse monster(s)
 10516 | D:2      | XOM: cleaving
 12052 | D:2      | XOM: cloud trail
 12119 | D:2      | XOM: 1-stop teleportation journey
 12566 | D:3      | XOM: god gift: 7 gold pieces
 12813 | D:3      | XOM: 1-stop teleportation journey
 12916 | D:2      | XOM: scenery: create altars
 12984 | D:2      | XOM: harmless Hex miscast
 13477 | D:2      | XOM: harmless Hex miscast
 13708 | D:2      | XOM: divination: detect creatures
 13814 | D:2      | XOM: silly message
 14077 | D:2      | XOM: harmless Ice miscast
 14780 | D:2      | XOM: give mutations
 14780 | D:2      | Gained mutation: You are partially covered in rugged brown
                  | scales. (AC +1, +3% HP) [Xom's grace]
 14780 | D:2      | Gained mutation: You can translocate small distances at
                  | will. [Xom's grace]
 14780 | D:2      | Gained mutation: You have a pair of small antennae on your
                  | head. [Xom's grace]
 14780 | D:2      | Gained mutation: You are resistant to hostile enchantments.
                  | (MR+) [Xom's grace]
 15159 | D:2      | XOM is BORED!
 15159 | D:2      | XOM: medium Hex miscast
 16827 | D:2      | XOM is BORED!
 16827 | D:2      | XOM: noise
 17584 | D:2      | XOM: divination: magic mapping
 17955 | D:2      | XOM: god gift: chain mail {god gift}
 18078 | D:2      | XOM: mild Necr miscast
 18736 | D:3      | You fall into a shaft and drop 3 floors!
 18771 | D:6      | Reached XP level 5. HP: 19/22 MP: 6/6
 18772 | D:6      | XOM: 1-stop teleportation journey
 18796 | D:6      | Noticed a centaur warrior zombie
 18882 | D:6      | XOM: fog
 18916 | D:6      | XOM: cast spell 'Statue Form'
 18931 | D:6      | XOM: summons 5 friendly demons
 18934 | D:6      | Killed a centaur warrior zombie
 18934 | D:6      | Gained mutation: You are covered in thick fur. (AC +2)
                  | [Felid growth]
 18934 | D:6      | Reached XP level 6. HP: 26/26 MP: 7/7
 19083 | D:6      | XOM: give mutations
 19083 | D:6      | Gained mutation: Your flesh is heat resistant. (rF+) [Xom's
                  | grace]
 19083 | D:6      | Gained mutation: You have a somewhat thin skeletal
                  | structure. (Dex +2, Stealth) [Xom's grace]
 19133 | D:5      | Entered Level 5 of the Dungeon
 19230 | D:5      | Reached XP level 7. HP: 27/29 MP: 8/8
 19325 | D:5      | XOM: summons 7 friendly demons
 19625 | D:2      | XOM: give mutations
 19625 | D:2      | Lost mutation: You can translocate small distances at will.
                  | [Xom's mischief]
 19625 | D:2      | Gained mutation: Potions are less effective at restoring
                  | your health. [Xom's mischief]
 19625 | D:2      | Lost mutation: You are agile. (Dex +2) [Xom's mischief]
 19625 | D:2      | Lost mutation: Potions are less effective at restoring your
                  | health. [Xom's mischief]
 20433 | D:2      | XOM: severe Necr miscast
 20678 | D:2      | XOM: summons 3 hostile demons
 20679 | D:2      | Noticed a soul eater
 21904 | D:2      | XOM: torment (16/29 hp)
 22145 | D:2      | XOM: blink monster(s)
 22217 | D:2      | XOM: confusion
 22278 | D:2      | XOM: smoke on damage
 22316 | D:2      | XOM: give mutations
 22316 | D:2      | Gained mutation: You occasionally shout uncontrollably at
                  | your foes. [Xom's mischief]
 22316 | D:2      | Gained mutation: You are partially covered in iridescent
                  | scales. (AC +2) [Xom's mischief]
 22424 | D:2      | XOM: torment (16/29 hp)
 22447 | D:2      | XOM: confusion
 22552 | D:2      | XOM: polymorph crimson imp -> ufetubus
 22917 | D:4      | XOM: noise
 23003 | D:3      | XOM: god gift: knobbly runed staff {god gift}
 23095 | D:2      | XOM: god gift: 880 gold pieces
 23416 | D:2      | XOM is BORED!
 24098 | D:2      | XOM: divination: detect items
 24785 | D:2      | XOM: 3-stop teleportation journey
 25663 | D:2      | XOM: summons 1 hostile shadow creature
 26055 | D:2      | XOM: medium Ice miscast
 26257 | D:2      | XOM is BORED!
 26374 | D:2      | XOM: god gift: wand of acid (6)
 26681 | D:2      | XOM: harmless Hex miscast
 28200 | D:2      | XOM: divination: detect items
 28412 | D:4      | Reached skill level 1 in Evocations
 28526 | D:4      | XOM: summons friendly crimson imp
 28716 | D:2      | XOM: mild Tloc miscast
 28845 | D:2      | XOM: scenery: create altars
 29005 | D:2      | XOM: give mutations
 29005 | D:2      | Gained mutation: Your system is resistant to poisons.
                  | (rPois) [Xom's grace]
 29005 | D:2      | Gained mutation: You are highly resistant to hostile
                  | enchantments. (MR++) [Xom's grace]
 29005 | D:2      | Gained mutation: Your flesh is cold resistant. (rC+) [Xom's
                  | grace]
 29328 | D:2      | XOM: give mutations
 29328 | D:2      | Gained mutation: You are agile. (Dex +2) [Xom's grace]
 29328 | D:2      | Gained mutation: You possess an exceptional clarity of
                  | mind. [Xom's grace]
 29559 | D:2      | XOM: give mutation
 29559 | D:2      | Gained mutation: You are very agile. (Dex +4) [Xom's grace]
 29698 | D:2      | XOM: give mutations
 29698 | D:2      | Gained mutation: You have an increased reservoir of magic.
                  | (+10% MP) [Xom's grace]
 29698 | D:2      | Gained mutation: You are robust. (+10% HP) [Xom's grace]
 29850 | D:2      | XOM: god gift: 1840 gold pieces
 30788 | D:2      | XOM: give mutations
 30788 | D:2      | Gained mutation: You evolve. [Xom's grace]
 30788 | D:2      | Gained mutation: You have a considerably increased
                  | reservoir of magic. (+20% MP) [Xom's grace]
 30971 | D:2      | Gained mutation: Your muscles are strong. (Str +2)
                  | [evolution]
 31146 | D:2      | XOM: give mutations
 31146 | D:2      | Gained mutation: You passively map a small area around you.
                  | [Xom's grace]
 31146 | D:2      | Gained mutation: Your muscles are very strong. (Str +4)
                  | [Xom's grace]
 31187 | D:2      | XOM: god gift: faintly humming ring mail {god gift}
 31188 | D:2      | Got a faintly humming ring mail {god gift}
 31398 | D:2      | XOM: cloud trail
 31548 | D:2      | XOM: cloud trail
 31744 | D:2      | XOM: give mutations
 31744 | D:2      | Gained mutation: You are resistant to electric shocks.
                  | (rElec) [Xom's grace]
 31744 | D:2      | Gained mutation: Your spells are a little harder to cast,
                  | but a little more powerful. [Xom's grace]
 31744 | D:2      | Gained mutation: Your mind is acute. (Int +2) [Xom's grace]
 31902 | D:2      | XOM: god gift: runed longbow {god gift}
 31960 | D:2      | XOM: give mutations
 31960 | D:2      | Gained mutation: Your mind is very acute. (Int +4) [Xom's
                  | grace]
 31960 | D:2      | Gained mutation: You are very robust. (+20% HP) [Xom's
                  | grace]
 31960 | D:2      | Gained mutation: You can translocate small distances at
                  | will. [Xom's grace]
 31976 | D:2      | XOM: god gift: knobbly runed staff {god gift}
 32028 | D:2      | XOM: god gift: lightning rod (4/4)
 32205 | D:2      | XOM: give mutation
 32604 | D:2      | XOM: scenery: create altars
 32661 | D:2      | XOM is BORED!
 32782 | D:2      | XOM: divination: magic mapping
 33082 | D:2      | XOM: 1-stop teleportation journey
 33295 | D:2      | XOM: give mutations
 33295 | D:2      | Gained mutation: You are extremely robust. (+30% HP) [Xom's
                  | grace]
 33295 | D:2      | Gained mutation: You expend magic power (3 MP) to
                  | strengthen your wands. [Xom's grace]
 33295 | D:2      | Gained mutation: Your thick and shaggy fur keeps you warm.
                  | (AC +3, rC+) [Xom's grace]
 33375 | D:2      | XOM: god gift: phantom mirror
 33657 | D:2      | XOM: god gift: wand of iceblast (14)
 34383 | D:4      | Found an ornate altar of the Wu Jian Council.
 34500 | D:4      | XOM: potion effect (brilliance)
 34527 | D:5      | XOM: polymorph crimson imp -> white imp
 34606 | D:5      | Reached XP level 8. HP: 40/44 MP: 13/13
 34691 | D:2      | Gained mutation: Your spells are harder to cast, but more
                  | powerful. [evolution]
 34712 | D:2      | XOM: medium Summ miscast
 34832 | D:3      | XOM: medium Erth miscast
 35156 | D:2      | XOM: harmless Tloc miscast
 35242 | D:2      | XOM: divination: detect creatures
 35352 | D:2      | XOM: noise
 35494 | D:2      | XOM: mild Fire miscast
 35626 | D:3      | XOM: give mutations
 35626 | D:3      | Lost mutation: Your muscles are very strong. (Str +4)
                  | [Xom's mischief]
 35626 | D:3      | Lost mutation: You occasionally shout uncontrollably at
                  | your foes. [Xom's mischief]
 35626 | D:3      | Lost mutation: You evolve. [Xom's mischief]
 35626 | D:3      | Lost mutation: Your spells are harder to cast, but more
                  | powerful. [Xom's mischief]
 35730 | D:2      | XOM: mild Fire miscast
 36136 | D:2      | XOM: mild Ice miscast
 36222 | D:2      | XOM is BORED!
 36222 | D:2      | XOM: summons 1 hostile demon
 36276 | D:2      | XOM: harmless Erth miscast
 36932 | D:2      | XOM: give mutations
 36932 | D:2      | Lost mutation: You possess an exceptional clarity of mind.
                  | [Xom's mischief]
 36932 | D:2      | Lost mutation: You expend magic power (3 MP) to strengthen
                  | your wands. [Xom's mischief]
 36932 | D:2      | Lost mutation: You have a considerably increased reservoir
                  | of magic. (+20% MP) [Xom's mischief]
 37430 | D:2      | XOM: divination: magic mapping
 37830 | D:2      | XOM: scenery: create altars
 38078 | D:2      | XOM: god gift: 520 gold pieces
 38253 | D:2      | XOM: divination: detect items
 38384 | D:2      | XOM: give mutations
 38384 | D:2      | Gained mutation: You have a pair of antennae on your head.
                  | [Xom's grace]
 38384 | D:2      | Gained mutation: You have a pair of large antennae on your
                  | head. (SInv) [Xom's grace]
 38715 | D:2      | XOM: god gift: runed scale mail {god gift}
 38754 | D:2      | XOM: god gift: wand of random effects (4)
 39185 | D:2      | XOM: cloud trail
 39508 | D:2      | XOM: god gift: twisted jewelled staff {god gift}
 39557 | D:2      | XOM: divination: detect creatures
 39978 | D:2      | XOM: god gift: mace {god gift}
 40134 | D:2      | XOM: divination: detect creatures
 40139 | D:2      | XOM: harmless Air miscast
 40350 | D:5      | XOM: harmless Necr miscast
 40365 | D:5      | Reached skill level 1 in Stealth
 40493 | D:5      | XOM is BORED!
 40791 | D:5      | XOM: confuse monster(s)
 40808 | D:5      | XOM: mild Tloc miscast
 40818 | D:5      | XOM: give mutations
 40818 | D:5      | Lost mutation: You are extremely robust. (+30% HP) [Xom's
                  | mischief]
 40818 | D:5      | Lost mutation: Your thick and shaggy fur keeps you warm.
                  | (AC +3, rC+) [Xom's mischief]
 40818 | D:5      | Lost mutation: You can translocate small distances at will.
                  | [Xom's mischief]
 40818 | D:5      | Lost mutation: Your mind is very acute. (Int +4) [Xom's
                  | mischief]
 40831 | D:5      | XOM: polymorph orc priest -> gnoll
 41403 | D:2      | XOM: mild Tmut miscast
 41560 | D:2      | XOM: summons 4 hostile demons
 41561 | D:2      | Noticed an ice devil
 42261 | D:2      | XOM: draining
 42576 | D:2      | XOM: harmless Hex miscast
 42776 | D:2      | XOM: stat loss: -1 Int (15/16)
 43009 | D:2      | XOM is BORED!
 43631 | D:2      | XOM: harmless Erth miscast
 44095 | D:2      | XOM: mild Erth miscast
 44682 | D:2      | XOM: harmless Necr miscast
 45134 | D:6      | XOM: torment (22/42 hp)
 45246 | D:6      | Reached skill level 2 in Stealth
 45378 | D:3      | XOM is BORED!
 45378 | D:3      | XOM: medium Ice miscast
 45600 | D:2      | XOM: medium Pois miscast
 46137 | D:2      | XOM: give mutations
 46137 | D:2      | Lost mutation: Your muscles are strong. (Str +2) [Xom's
                  | mischief]
 46137 | D:2      | Lost mutation: Your mind is acute. (Int +2) [Xom's
                  | mischief]
 46137 | D:2      | Lost mutation: You are very robust. (+20% HP) [Xom's
                  | mischief]
 46814 | D:2      | XOM: cloud trail
 46962 | D:2      | XOM: god gift: ring of protection {god gift}
 47056 | D:2      | XOM: give mutations
 47056 | D:2      | Gained mutation: Your mind is acute. (Int +2) [Xom's grace]
 47056 | D:2      | Gained mutation: You possess an exceptional clarity of
                  | mind. [Xom's grace]
 47056 | D:2      | Gained mutation: You evolve. [Xom's grace]
 47849 | D:2      | XOM: noise
 48091 | D:2      | XOM: silly message
 48148 | D:2      | XOM: mild Summ miscast
 48320 | D:7      | Noticed Menkaure
 48326 | D:7      | Killed Menkaure
 48326 | D:7      | Reached skill level 3 in Stealth
 48327 | D:7      | XOM: medium Tloc miscast
 48638 | D:7      | XOM: summons 4 hostile demons
 48700 | D:7      | Reached skill level 5 in Dodging
 48718 | D:7      | Noticed Harold
 48889 | D:7      | Reached skill level 4 in Stealth
 48940 | D:7      | Found a staircase to the Ecumenical Temple.
 49243 | D:7      | XOM: swap monsters
 49259 | D:7      | Reached skill level 5 in Evocations
 49337 | D:7      | XOM is BORED!
 49673 | D:5      | XOM: summons 4 hostile demons
 49684 | D:5      | XOM: noise
 49732 | D:5      | XOM: silly message
 49773 | D:5      | XOM: summons 2 friendly demons
 49881 | D:5      | XOM: scenery: create altars
 49885 | D:5      | XOM: divination: magic mapping
 49893 | D:5      | XOM: enchant monster (bad)
 49910 | D:5      | XOM: summons friendly ufetubus
 50028 | D:2      | XOM: cloud trail
 50277 | D:2      | XOM: give mutations
 50277 | D:2      | Gained mutation: You are extremely resistant to the effects
                  | of hostile enchantments. (MR+++) [Xom's grace]
 50277 | D:2      | Gained mutation: Your muscles are strong. (Str +2) [Xom's
                  | grace]
 51119 | D:2      | Lost mutation: Your mind is acute. (Int +2) [evolution]
 51149 | D:2      | XOM is BORED!
 51445 | D:2      | XOM: divination: magic mapping
 51676 | D:2      | XOM: harmless Hex miscast
 51811 | D:2      | XOM: god gift: scroll labeled REQATE OROIB {god gift}
 51883 | D:2      | XOM: give mutations
 51883 | D:2      | Gained mutation: Your muscles are very strong. (Str +4)
                  | [Xom's grace]
 51883 | D:2      | Gained mutation: Your mind is acute. (Int +2) [Xom's grace]
 51883 | D:2      | Gained mutation: Your spells are harder to cast, but more
                  | powerful. [Xom's grace]
 51883 | D:2      | Gained mutation: Your mind is very acute. (Int +4) [Xom's
                  | grace]
 53315 | D:2      | XOM: divination: detect items
 53321 | D:2      | XOM: divination: detect creatures
 54252 | D:2      | XOM: divination: detect creatures
 54638 | D:7      | XOM: harmless Air miscast
 54653 | D:8      | Reached skill level 5 in Stealth
 54699 | D:6      | XOM: silly message
 55296 | D:2      | XOM: mild Ice miscast
 55308 | D:2      | XOM: mild Pois miscast
 55755 | D:2      | XOM: noise
 55816 | D:2      | XOM is BORED!
 55816 | D:2      | XOM: medium Tloc miscast
 55816 | D:2      | Cast into level 1 of the Abyss (the capriciousness of Xom)
 55851 | Abyss:1  | XOM: noise
 55862 | Abyss:1  | Noticed a rakshasa
 55862 | Abyss:1  | XOM: cast spell 'Metabolic Englaciation'
 55887 | Abyss:1  | Noticed a thrashing horror
 55928 | Abyss:1  | Noticed an ancient zyme
 55942 | Abyss:1  | Found a corrupted altar of Lugonu.
 55942 | Abyss:1  | Noticed a sixfirhy
 55943 | Abyss:1  | Noticed a thrashing horror
 56002 | Abyss:1  | Noticed a smoke demon
 56004 | Abyss:1  | XOM: divination: detect creatures
 56033 | Abyss:1  | Noticed a raiju
 56033 | Abyss:1  | Noticed a raiju
 56033 | Abyss:1  | Noticed a raiju
 56035 | Abyss:1  | Noticed a raiju
 56043 | Abyss:1  | XOM: enchant monster (good)
 56048 | Abyss:1  | Killed a raiju
 56048 | Abyss:1  | Reached XP level 9. HP: 38/42 MP: 15/15
 56048 | Abyss:1  | XOM: divination: detect creatures
 56054 | Abyss:1  | XOM: enchant monster (good)
 56059 | Abyss:1  | Reached skill level 6 in Stealth
 56110 | Abyss:1  | XOM: potion effect (haste)
 56119 | Abyss:1  | XOM: divination: detect creatures
 56122 | Abyss:1  | Noticed a smoke demon
 56123 | Abyss:1  | XOM: noise
 56125 | Abyss:1  | XOM: cast spell 'Call Canine Familiar'
 56131 | Abyss:1  | Noticed a tentacled starspawn
 56156 | Abyss:1  | Noticed a red devil
 56156 | Abyss:1  | Noticed a red devil
 56208 | Abyss:1  | Noticed a red devil
 56224 | Abyss:1  | Noticed an ice devil
 56235 | Abyss:1  | XOM: summons friendly shadow imp
 56237 | D:2      | Escaped the Abyss
 56241 | D:2      | Reached skill level 5 in Fighting
 56849 | D:2      | XOM: 4-stop teleportation journey
 57439 | D:2      | XOM: god gift: 63 gold pieces
 57635 | D:2      | XOM: god gift: ivory morningstar {god gift}
 57636 | D:2      | Got an ivory morningstar {god gift}
 57989 | D:2      | XOM: give mutations
 57989 | D:2      | Gained mutation: You passively map the area around you.
                  | [Xom's grace]
 57989 | D:2      | Gained mutation: Your flesh is very heat resistant. (rF++)
                  | [Xom's grace]
 58077 | D:2      | XOM: cloud trail
 58284 | Temple   | Entered the Ecumenical Temple
 58649 | D:8      | Reached skill level 7 in Stealth
 58692 | D:8      | XOM: mild Air miscast
 58813 | D:8      | XOM: noise
 58879 | D:8      | Found Ycatwies's Distillery.
 58882 | D:8      | Bought a potion of curing for 30 gold pieces
 58882 | D:8      | Bought a potion of invisibility for 80 gold pieces
 58882 | D:8      | Bought a potion of brilliance for 40 gold pieces
 58882 | D:8      | Bought a potion of stabbing for 40 gold pieces
 58882 | D:8      | Bought a potion of stabbing for 40 gold pieces
 58882 | D:8      | Bought a potion of curing for 30 gold pieces
 58905 | D:8      | XOM is BORED!
 59105 | D:8      | XOM: god gift: 38 gold pieces
 59142 | D:9      | XOM: harmless Summ miscast
 59189 | D:9      | Reached skill level 8 in Stealth
 59268 | D:9      | Noticed a two-headed ogre
 59272 | D:9      | Killed a two-headed ogre
 59272 | D:9      | Reached XP level 10. HP: 42/48 MP: 16/18
 59804 | D:2      | XOM: god gift: kite shield {god gift}
 60609 | D:2      | XOM: give mutations
 60609 | D:2      | Lost mutation: Your spells are harder to cast, but more
                  | powerful. [Xom's mischief]
 60609 | D:2      | Lost mutation: Your flesh is cold resistant. (rC+) [Xom's
                  | mischief]
 60609 | D:2      | Lost mutation: You are very agile. (Dex +4) [Xom's
                  | mischief]
 60689 | D:2      | XOM: harmless Ice miscast
 61362 | D:2      | XOM: mild Ice miscast
 62704 | D:2      | XOM: noise
 62954 | D:2      | XOM: noise
 62988 | D:2      | XOM: mild Conj miscast
 63006 | D:2      | XOM: god gift: 3 boomerangs of dispersal
 63195 | D:2      | XOM: harmless Necr miscast
 63240 | D:2      | XOM: noise
 64112 | D:2      | XOM: summons 1 hostile demon
 64276 | D:2      | XOM is BORED!
 64276 | D:2      | XOM: mild Tmut miscast
 64700 | D:9      | XOM: mild Fire miscast
 64702 | D:9      | Reached skill level 9 in Stealth
 64737 | D:9      | XOM: mild Hex miscast
 64739 | D:9      | Reached skill level 10 in Unarmed Combat
 64775 | D:9      | XOM: summons 3 hostile demons
 64996 | D:9      | Found a staircase to the Lair.
 65014 | D:9      | XOM: polymorph wolf -> ooze
 65051 | D:9      | XOM: potion effect (stabbing)
 65057 | D:9      | XOM: confuse monster(s)
 65064 | D:9      | XOM: potion effect (curing)
 65067 | D:9      | XOM: harmless Tmut miscast
 65072 | D:9      | XOM: give mutations
 65072 | D:9      | Gained mutation: You expend magic power (3 MP) to
                  | strengthen your wands. [Xom's grace]
 65072 | D:9      | Gained mutation: You passively map a large area around you.
                  | [Xom's grace]
 65118 | D:9      | XOM: cast spell 'Summon Small Mammal'
 65799 | D:2      | XOM is BORED!
 65799 | D:2      | XOM: summons 1 hostile demon
 65800 | D:2      | Noticed an orange demon
 66205 | D:2      | XOM: divination: magic mapping
 67040 | D:2      | Gained mutation: You can translocate small distances at
                  | will. [evolution]
 67050 | D:2      | XOM: divination: detect items
 68180 | D:2      | XOM: harmless Summ miscast
 69360 | D:2      | XOM: cloud trail
 69647 | D:2      | XOM: mild Conj miscast
 69704 | D:2      | XOM: divination: detect items
 69768 | D:2      | XOM: harmless Necr miscast
 69958 | D:2      | XOM: cloud trail
 70032 | D:2      | XOM: god gift: hand axe {god gift}
 70452 | D:2      | XOM: harmless Summ miscast
 72382 | D:2      | XOM: silly message
 73176 | D:7      | Killed Harold
 73176 | D:7      | Reached skill level 10 in Stealth
 73205 | D:7      | XOM is BORED!
 73205 | D:7      | XOM: noise
 73365 | D:9      | XOM: mild Chrm miscast
 73382 | D:9      | XOM: enchant monster (good)
 73383 | D:9      | XOM: cast spell 'Summon Small Mammal'
 73387 | D:9      | XOM: mild Tloc miscast
 73427 | D:9      | XOM: cast spell 'Leda's Liquefaction'
 73451 | D:9      | XOM: summons friendly white imp
 74144 | D:3      | XOM is BORED!
 74362 | D:9      | XOM: polymorph orc warrior -> acid dragon
 74450 | D:9      | XOM: stat loss: -1 Str (12/13)
 74455 | D:9      | XOM: silly message
 74465 | D:9      | XOM: give mutation
 74465 | D:9      | Lost mutation: Your system is resistant to poisons. (rPois)
                  | [Xom's mischief]
 74530 | D:9      | XOM: polymorph troll -> soldier ant
 74545 | D:9      | XOM: mild Ice miscast
 74622 | D:9      | XOM: scenery: create altars
 74655 | D:9      | XOM: confuse monster(s)
 74813 | D:9      | Found a glowing silver altar of Zin.
 74816 | D:9      | Fell from the grace of Xom
 74816 | D:9      | Became a worshipper of Zin the Law-Giver
 74816 | D:9      | Reached * piety under Zin
 74816 | D:9      | Reached ** piety under Zin
 74817 | D:9      | Donated 1773 gold pieces to Zin
 74839 | D:9      | Reached *** piety under Zin
 74975 | D:9      | Reached **** piety under Zin
 75006 | D:10     | Entered Level 10 of the Dungeon
 75017 | D:10     | Found an opulent altar of Gozag.
 75050 | D:10     | Reached skill level 1 in Invocations
 75056 | D:10     | Reached ***** piety under Zin
 75159 | D:10     | Found a staircase to the Orcish Mines.
 75261 | D:10     | Noticed a gargoyle
 75266 | D:10     | Killed a gargoyle
 75266 | D:10     | Reached XP level 11. HP: 39/55 MP: 16/20
 75451 | D:10     | XOM: give mutations
 76086 | D:11     | Noticed an unseen horror
 76095 | D:11     | Killed an unseen horror
 76095 | D:11     | Reached skill level 11 in Stealth
 76233 | D:11     | Noticed a skeletal warrior
 76269 | D:11     | Noticed Erica
 76270 | D:11     | Killed Erica
 76270 | D:11     | Reached skill level 5 in Invocations
 76333 | Orc:1    | Entered Level 1 of the Orcish Mines
 76379 | Orc:1    | Noticed an ettin
 76406 | Orc:1    | Killed an ettin
 76409 | Orc:1    | Noticed a two-headed ogre
 76537 | D:10     | Killed a two-headed ogre
 76537 | D:10     | Reached skill level 12 in Stealth
 76691 | Orc:1    | Noticed a two-headed ogre
 76698 | Orc:1    | Killed a two-headed ogre
 76937 | D:11     | Noticed a skeletal warrior
 76941 | D:11     | Noticed a skeletal warrior
 77045 | D:10     | XOM: noise
 77653 | D:11     | Found Giebof's Specialty Armours.
 77707 | D:11     | Noticed a two-headed ogre
 77717 | D:11     | XOM: summons 9 hostile demons
 77792 | D:11     | XOM: noise
 77815 | D:11     | XOM: polymorph orc -> ooze
 77928 | D:11     | Noticed Nergalle
 77934 | D:11     | XOM: noise
 77937 | D:11     | Gained mutation: Your thick and shaggy fur keeps you warm.
                  | (AC +3, rC+) [Felid growth]
 77937 | D:11     | Reached XP level 12. HP: 60/61 MP: 21/21
 77943 | D:11     | XOM: polymorph leopard gecko -> goblin
 78033 | Lair:1   | Entered Level 1 of the Lair of Beasts
 78144 | Lair:1   | Found a dark tunnel.
 78153 | Volcano  | Entered a volcano
 78227 | Volcano  | Noticed a hell hog
 78228 | Volcano  | Killed a hell hog
 78228 | Volcano  | Reached skill level 13 in Stealth
 78576 | Volcano  | Noticed a two-headed ogre
 78582 | Volcano  | Killed a two-headed ogre
 78926 | D:9      | XOM: give mutations
 78926 | D:9      | Gained mutation: Your flesh is almost immune to the effects
                  | of heat. (rF+++) [Xom's grace]
 79119 | Lair:1   | XOM: 8-stop teleportation journey
 79120 | Lair:1   | You fall into a shaft and drop 1 floor!
 79549 | D:10     | XOM: give mutation
 79629 | D:11     | XOM: noise
 79919 | D:11     | Reached skill level 10 in Invocations
 79981 | D:10     | Killed a two-headed ogre
 80041 | D:11     | XOM: noise
 80062 | D:10     | Killed Nergalle
 80062 | D:10     | Reached skill level 14 in Stealth
 80756 | D:10     | XOM: mild Conj miscast
 80811 | D:10     | XOM: god gift: 6 atropa-tipped darts
 82154 | D:11     | Noticed Grum
 82177 | D:11     | Killed Grum
 82306 | D:12     | Reached ****** piety under Zin
 82383 | D:12     | Identified the Compendium of Enchanting Contamination
 82393 | D:12     | Learned a level 3 spell: Confusing Touch
 82397 | D:12     | Learned a level 3 spell: Inner Flame
 82405 | D:12     | XOM: draining
 82421 | D:12     | Noticed Sonja
 82424 | D:12     | Killed Sonja
 82424 | D:12     | Reached skill level 1 in Hexes
 82427 | D:12     | Reached XP level 13. HP: 43/64 MP: 15/24
 82459 | D:12     | Found a flagged portal.
 82479 | D:12     | XOM: summons 4 hostile demons
 82607 | Bailey   | Entered a bailey
 82895 | Bailey   | XOM: noise
 82902 | Bailey   | Reached skill level 15 in Stealth
 82909 | Bailey   | Reached skill level 5 in Hexes
 83575 | D:12     | Found a runed translucent gate.
 83576 | D:12     | Found a runed translucent gate.
 83576 | D:12     | Found a runed translucent gate.
 83576 | D:12     | Identified the +6 great sword of Theory {venom, +Blink rC++
                  | MR-}
 83576 | D:12     | Identified the +4 chain mail of Salvation {rPois rF- rN+}
 83577 | D:12     | Noticed Emudif's ghost (journeyman DrCj)
 83585 | D:12     | Found a roughly hewn altar of Beogh.
 83950 | D:12     | Learned a level 2 spell: Sticks to Snakes
 84250 | D:13     | XOM: noise
 84256 | D:13     | Reached skill level 1 in Transmutations
 84264 | D:13     | Lost mutation: You evolve. [end of evolution]
 84580 | Orc:1    | XOM: 7-stop teleportation journey
 84609 | Orc:1    | Noticed an ettin
 84618 | Orc:1    | Killed an ettin
 84845 | Orc:1    | XOM: mild Tloc miscast
 84943 | Orc:1    | XOM: summons 14 hostile demons
 85124 | D:10     | XOM: stat loss: -3 Str (15/18)
 85398 | Orc:1    | XOM: polymorph warg -> golden eye
 85398 | Orc:1    | Was forgiven by Xom
 85402 | Orc:1    | Noticed a frost giant
 85415 | Orc:1    | Noticed an ettin
 85418 | Orc:1    | Killed a frost giant
 85422 | Orc:1    | Killed an ettin
 85751 | Orc:2    | Entered Level 2 of the Orcish Mines
 85779 | Orc:2    | Noticed Josephine
 85799 | Orc:2    | Reached XP level 14. HP: 27/68 MP: 16/26
 86267 | Orc:1    | Learned a level 4 spell: Olgreb's Toxic Radiance
 86400 | Orc:2    | Reached skill level 5 in Transmutations
 86401 | Orc:2    | Killed Josephine
 86402 | Orc:2    | Reached skill level 1 in Poison Magic
 87060 | Orc:2    | Reached skill level 10 in Hexes
 87251 | Orc:2    | Found Bikangint's Gadget Shop.
 87259 | Orc:2    | Bought a wand of flame (29) for 263 gold pieces
 87259 | Orc:2    | Bought a wand of disintegration (13) for 289 gold pieces
 87485 | Orc:2    | Found Uwarch's Armour Boutique.
 87485 | Orc:2    | Found Geomy's Distillery.
 87486 | Orc:2    | Found Golluas's Armour Shoppe.
 87491 | Orc:2    | Found Qanim's Distillery.
 87493 | Orc:2    | Bought a potion of haste for 170 gold pieces
 87493 | Orc:2    | Bought a potion of curing for 51 gold pieces
 87495 | Orc:2    | Bought a potion of heal wounds for 65 gold pieces
 87495 | Orc:2    | Bought a potion of heal wounds for 65 gold pieces
 87495 | Orc:2    | Bought a potion of curing for 39 gold pieces
 87515 | Orc:2    | Bought a potion of brilliance for 52 gold pieces
 87515 | Orc:2    | Bought a potion of cancellation for 104 gold pieces
 87515 | Orc:2    | Bought a potion of berserk rage for 65 gold pieces
 87517 | Orc:2    | Bought 2 potions of brilliance for 136 gold pieces
 87517 | Orc:2    | Bought a potion of resistance for 170 gold pieces
 87517 | Orc:2    | Bought a potion of curing for 51 gold pieces
 87517 | Orc:2    | Bought a potion of brilliance for 68 gold pieces
 87517 | Orc:2    | Bought a potion of resistance for 170 gold pieces
 87601 | Orc:2    | Found a staircase to the Elven Halls.
 88108 | Lair:2   | Reached skill level 16 in Stealth
 88342 | Lair:2   | Reached skill level 1 in Spellcasting
 88709 | Lair:2   | Noticed Urug
 88710 | Lair:2   | Killed Urug
 88759 | Lair:2   | Found a hazy altar of Hepliaklqana.
 88951 | Lair:2   | Reached skill level 1 in Fire Magic
 90624 | Lair:3   | Learned a level 3 spell: Ozocubu's Armour
 90888 | Lair:3   | Reached skill level 1 in Charms
 91034 | Lair:3   | Reached skill level 1 in Ice Magic
 91992 | Lair:4   | Learned a level 4 spell: Hailstorm
 92122 | Lair:4   | Reached XP level 15. HP: 48/72 MP: 0/28
 92328 | Lair:4   | Was placed under penance by Zin
 92377 | Lair:4   | Donated 874 gold pieces to Zin
 92549 | Lair:4   | Found a hole to the Spider Nest.
 92831 | Lair:4   | Found a staircase to the Shoals.
 93261 | Lair:4   | Reached skill level 5 in Poison Magic
 94318 | Lair:5   | Donated 478 gold pieces to Zin
 94607 | Lair:5   | Reached skill level 5 in Spellcasting
 95364 | Lair:6   | Entered Level 6 of the Lair of Beasts
 95586 | Lair:6   | Found a staircase to the Slime Pits.
 97618 | Lair:6   | Reached skill level 1 in Conjurations
 98711 | Lair:6   | Reached XP level 16. HP: 77/77 MP: 23/30
 98842 | Lair:6   | Was forgiven by Zin
 98963 | Spider:1 | Entered Level 1 of the Spider Nest
 99287 | Lair:4   | Learned a level 3 spell: Frozen Ramparts
 99554 | D:14     | Found a basalt altar of Yredelemnul.
100630 | D:14     | Reached skill level 15 in Invocations
101050 | D:15     | Entered Level 15 of the Dungeon
101242 | D:15     | Learned a level 6 spell: Eringya's Noxious Bog
102001 | D:15     | Found a staircase to the Depths.
104762 | Spider:2 | Learned a level 3 spell: Ignite Poison
105645 | Spider:3 | Reached skill level 5 in Ice Magic
107000 | Spider:3 | Reached XP level 17. HP: 73/82 MP: 22/33
107687 | Spider:4 | Entered Level 4 of the Spider Nest
108091 | Spider:4 | Donated 593 gold pieces to Zin
110305 | Spider:3 | Reached skill level 5 in Conjurations
111244 | Spider:4 | Paralysed by a hornet for 2 turns
111830 | Spider:4 | Got a gossamer rune of Zot
111942 | Shoals:1 | Entered Level 1 of the Shoals
112315 | Shoals:1 | Reached skill level 17 in Stealth
112525 | Shoals:1 | Reached skill level 10 in Dodging
112712 | Slime:1  | Entered Level 1 of the Pits of Slime
112732 | Lair:6   | Donated 382 gold pieces to Zin
113095 | Lair:6   | Learned a level 4 spell: Summon Lightning Spire
113245 | Elf:1    | Entered Level 1 of the Elven Halls
113310 | Elf:1    | You fall into a shaft and drop 1 floor!
113345 | Elf:2    | Reached skill level 1 in Summonings
113345 | Elf:2    | Reached skill level 1 in Air Magic
115014 | Elf:1    | Found Oghewec's Armour Shoppe.
115784 | Elf:2    | HP: 3/84 [+1 vorpal battleaxe (5)]
116123 | Elf:1    | Donated 223 gold pieces to Zin
116287 | Elf:2    | Reached XP level 18. HP: 45/89 MP: 31/34
116601 | Elf:2    | Found Goed Muu's Magic Scroll Boutique.
116609 | Elf:2    | Bought a scroll of blinking for 135 gold pieces
116609 | Elf:2    | Bought a scroll of teleportation for 54 gold pieces
116689 | Elf:2    | Found a runed translucent gate.
116689 | Elf:2    | Found a runed translucent gate.
116689 | Elf:2    | Found a runed translucent gate.
116729 | Elf:3    | Entered Level 3 of the Elven Halls
116743 | Elf:3    | Found a radiant altar of Vehumet.
117858 | Elf:3    | Identified the +3 long sword "Ceirph" {drain, MR+ SInv}
117984 | Elf:3    | HP: 3/89 [deep elf sorcerer/bolt of acid (54)]
117984 | Elf:3    | Zin protects you from harm!
118296 | Elf:3    | Identified the cursed +0 quarterstaff "Danug" {speed, Int+5
                  | Dex+3}
118371 | Elf:3    | Noticed a Hell Sentinel
118392 | Elf:3    | Reached skill level 5 in Summonings
118481 | Elf:3    | Identified the +11 scimitar "Dragon's Nightmare" {flame,
                  | rF+ Str+4}
118809 | Elf:3    | Identified the +7 rapier "Kuoqai" {vorpal, *Noise *Drain
                  | Str+8 Dex+9}
118817 | Elf:3    | Identified the +6 battleaxe of Namm {flame, Int+9 Dex-2}
118829 | Elf:3    | Identified the +11 flail "Death Rattle" {vorpal, rC- Str+3
                  | Int+4}
119820 | Elf:3    | Reached skill level 5 in Air Magic
120271 | Elf:3    | Learned a level 3 spell: Static Discharge
121196 | D:13     | Found a gate to the Vaults.
121641 | D:13     | Found Sutukla's Food Emporium.
122153 | D:13     | Found a runed translucent door.
122773 | Depths:1 | Entered Level 1 of the Depths
122773 | Depths:1 | Found a runed translucent door.
123043 | Depths:1 | Noticed Nikola
123120 | D:15     | Zin protects you from harm!
123120 | D:15     | HP: 2/90 [Nikola/chain lightning (9)]
123122 | D:15     | Killed from afar by Nikola
123123 | D:15     | Reached XP level 17. HP: -6/85 MP: 2/33
123170 | D:15     | Killed Nikola
123513 | D:15     | HP: 3/85 [acid (7)]
123931 | D:15     | Slain by an azure jelly
123932 | D:15     | Reached XP level 16. HP: -4/82 MP: 32/32
124059 | D:15     | Killed an acid blob
124059 | D:15     | Reached skill level 10 in Fighting
124375 | Vaults:1 | Entered Level 1 of the Vaults
124401 | Vaults:1 | HP: 3/82 [yaktaur/bolt[a vault warden] (13)]
124401 | Vaults:1 | Shot with a bolt by a yaktaur captain

Levels and vault maps discovered:
D:1:      dpeg_arrival_arbitrary_a, layout_loops_ring, lemuel_flame_loot_1
D:2:      layout_loops_ring, grunt_temple_overflow_open,
          chequers_ecumenical_altar_simple, uniq_crazy_yiuf_cottage
D:3:      layout_loops_cross
D:4:      layout_rooms, lemuel_crystal_altar, serial_bayou,
          serial_bayou_lagoon_a, serial_bayou_pond_a, serial_bayou_pond_d,
          serial_bayou_pond_e
D:5:      layout_loops_ring, first_ration, patterned_corridor
D:6:      layout_basic, serial_glass, glass_columns_b, glass_columns_b,
          minmay_fountain_box
D:7:      layout_layer_cave, temple_statues, uniq_harold, uniq_menkaure
D:8:      layout_rooms, serial_glass, glass_columns_b, glass_columns_c,
          glass_columns_a, glass_columns_a, serial_shops,
          nicolae_shop_behind_doors, hangedman_little_slice_of_home,
          chequers_serial_rivers_small_a
D:9:      layout_loops_ring, zin_statuary, erik_lair_island
D:10:     layout_loops_ring, orc_0_dummy, basic_altar
D:11:     lemuel_reptile_caves, layout_irregular_city, grunt_decor_mini_mirrors,
          nicolae_barding_shop, uniq_erica, uniq_nergalle, uniq_grum
D:12:     cheibrodos_wizards_tower, layout_cave_pools,
          biasface_ghost_orc_armoury, enter_bailey_3, uniq_sonja
D:13:     minmay_the_grid_triangle_9x9_rhombus_full
          [minmay_the_grid_triangle_9x9_skeleton,
          minmay_the_grid_triangle_9x9_steps,
          minmay_the_grid_triangle_9x9_warning,
          minmay_the_grid_triangle_9x9_windchime,
          minmay_the_grid_triangle_9x9_checkered,
          minmay_the_grid_triangle_9x9_subtriangle,
          minmay_the_grid_triangle_9x9_intruding_spiral,
          minmay_the_grid_triangle_9x9_prize_schism], layout_cave_pools,
          lightli_vaults_fourway_checkpoint, serial_shops, shop
D:14:     layout_grid_maze, kennysheep_small_circle
D:15:     gammafunk_enter_depths_forms, layout_basic, lemuel_old_faithful
Temple:   eino_temple_water
Lair:1:   layout_long_grid, nicolae_volcano_entry_two_sided,
          hibernation_bobbens, minmay_lair_oklob_chamber
Lair:2:   layout_hall_layers, lemuel_centaur_altar, grunt_megastairs_1,
          lemuel_fruit_tree, infiniplex_staircase_pool, uniq_urug
Lair:3:   layout_small_grid, ice2_lemuel, grunt_megastairs_3
Lair:4:   regret_index_wax_grids, layout_small_grid, elwin_shoals_entry_stream,
          nicolae_spider_entry_tight_spaces, columned_hall_lemuel,
          serial_bayou_shore_b, lemuel_fruit_fields
Lair:5:   layout_regular_city
Lair:6:   hangedman_lair_in_review, layout_misc_corridors,
          minmay_slime_entry_pillars
Shoals:1: layout_shoals, serial_shops, shop, nicolae_shoals_water_shrine,
          uniq_jorgrun
Spider:1: layout_spider_delve, hangedman_spider_trapstep
Spider:2: layout_spider_delve
Spider:3: layout_spider_delve
Spider:4: grunt_spider_rune_parallel
Slime:1:  cheibrodos_slime_lost_civilization_9, layout_caves,
          cheibrodos_slime_lost_civilization_6
Orc:1:    giant_chief_lemuel, layout_diamond_mine
Orc:2:    st_orc_elflike, layout_caves, serial_shops, shop_statue,
          statue_in_the_mist_lemuel, uniq_josephine
Elf:1:    layout_onion_city, serial_shops, shop, kennysheep_underground_church,
          st_stairs_11
Elf:2:    layout_geoelf_grid, portal_desolation_entry_salt, serial_shops, shop
Elf:3:    minmay_elf_hall_spiked, layout_geoelf_grid, basic_altar
Vaults:1: ontoclasm_vaults_twist, v_misc_31, v_misc_18, st_octagons_2,
          vaults_room_grunt_arrival_checkpoint, v_misc_17,
          nicolae_vaults_three_branches, vaults_dpeg_hooks,
          grunt_vaults_hallway_short, vaults_room_fours, layout_vaults_omnigrid,
          enter_trove_1, serial_shops, nicolae_shop_overgrown_old_shop,
          uniq_aizul
Depths:1: layout_gridlike, grunt_hell_entry_dis_mu, pan_entry,
          roderic_lattice_a, eino_tiny_chamber, serial_sigils_hangedman_stare,
          st_stairs_13, hangedman_abyss_or_decor_lesser_grid,
          nicolae_transmutations_shop, minmay_acid_items, uniq_nikola,
          uniq_enchantress

Skill      XL: |  1  2  3  4  5  6  7  8  9 10 11 12 13 14 15 16 17 18 |
---------------+-------------------------------------------------------+-----
Unarmed Combat | 4 5 7 8 9 10 12 | 12.0
Evocations     | 3 5 7 8 9 |  9.4
Dodging        | 4 5 7 8 9 10 11 | 11.9
Stealth        | 5 8 10 12 14 15 16 17 | 17.0
Fighting       | 4 5 6 7 10 9 | 10.0
Invocations    | 1 7 11 12 13 14 15 | 15.0
Hexes          | 1 9 10 | 10.2
Transmutations | 4 6 8 9 |  9.0
Poison Magic   | 4 7 8 |  8.5
Spellcasting   | 3 6 8 9 |  9.2
Fire Magic     | 2 3 |  3.0
Charms         | 3 4 |  4.3
Ice Magic      | 2 3 5 6 |  6.0
Conjurations   | 2 4 5 |  5.3
Summonings     | 4 6 |  6.2
Air Magic      | 3 6 |  6.0

Action                   |  1- 3 |  4- 6 |  7- 9 | 10-12 | 13-15 | 16-18 || total
-------------------------+-------+-------+-------+-------+-------+-------++-------
Melee: Unarmed           |   161 |   150 |   376 |   792 |  1184 |  1359 ||  4022
       Bite              |    19 |     6 |    47 |   145 |   200 |   271 ||   688
       Punch             |     3 |       |    16 |    59 |    94 |   122 ||   294
 Cast: Confusing Touch   |       |       |       |       |    22 |     5 ||    27
       Olgreb's Toxic Ra |       |       |       |       |    95 |   169 ||   264
       Sticks to Snakes  |       |       |       |       |    18 |       ||    18
       Hailstorm         |       |       |       |       |     3 |    10 ||    13
       Frozen Ramparts   |       |       |       |       |       |    33 ||    33
       Eringya's Noxious |       |       |       |       |       |    60 ||    60
       Ignite Poison     |       |       |       |       |       |     7 ||     7
       Ozocubu's Armour  |       |       |       |       |       |     6 ||     6
       Inner Flame       |       |       |       |       |       |     1 ||     1
       Summon Lightning  |       |       |       |       |       |    10 ||    10
Invok: Vitalisation      |       |       |       |     6 |    14 |    67 ||    87
       Donate Gold       |       |       |       |     1 |     2 |     3 ||     6
       Recite            |       |       |       |     6 |    18 |    44 ||    68
       Imprison          |       |       |       |       |     2 |     4 ||     6
       Sanctuary         |       |       |       |       |     1 |     2 ||     3
 Abil: Blink             |       |       |       |       |     1 |       ||     1
Evoke: Wand              |       |       |     4 |    35 |    88 |    40 ||   167
       Lightning rod     |       |       |       |     2 |     4 |     5 ||    11
       Phial of floods   |       |       |       |       |     1 |     2 ||     3
  Use: Potion            |     5 |       |     1 |       |     6 |    14 ||    26
       Scroll            |       |       |     2 |     5 |     4 |    17 ||    28
 Stab: Sleeping          |     1 |     3 |    16 |    21 |    41 |    60 ||   142
       Distracted        |       |       |     2 |     6 |     5 |     5 ||    18
       Paralysed         |       |       |     1 |       |    13 |       ||    14
       Confused          |       |       |       |     1 |    35 |    19 ||    55
       Invisible         |       |       |       |       |     7 |       ||     7
       Petrifying        |       |       |       |       |     1 |       ||     1
       Petrified         |       |       |       |       |     1 |       ||     1
  Eat: Chunk             |    17 |    22 |    76 |    30 |    49 |    35 ||   229
       Ration            |       |       |     4 |     8 |     2 |    26 ||    40
Armor: Skin              |     8 |    31 |    76 |    59 |    63 |    88 ||   325
Dodge: Dodged            |   108 |   214 |   562 |   863 |  1544 |  1862 ||  5153

Table legend:
 A = Non-vault XP
 B = Vault XP
 C = Vault XP percentage of total XP
 D = Non-vault monster count
 E = Vault monster count
 F = Vault count percentage of total count
                 A         B        C        D         E       F
            +---------+---------+-------+---------+---------+-------
      Total |  207238 |  146488 |  41.4 |     841 |     419 |  33.3
            +---------+---------+-------+---------+---------+-------
        D:1 |      27 |       0 |   0.0 |      13 |       0 |   0.0
        D:2 |     228 |       0 |   0.0 |      12 |       0 |   0.0
        D:3 |     135 |       0 |   0.0 |      35 |       0 |   0.0
        D:4 |     426 |       0 |   0.0 |      19 |       0 |   0.0
        D:5 |     715 |       0 |   0.0 |      26 |       0 |   0.0
        D:6 |     566 |       0 |   0.0 |       8 |       0 |   0.0
        D:7 |     676 |    1176 |  63.5 |      18 |       2 |  10.0
        D:8 |     563 |     162 |  22.3 |      17 |       8 |  32.0
        D:9 |    3642 |     583 |  13.8 |      41 |       6 |  12.8
       D:10 |    5575 |    1815 |  24.6 |      29 |       4 |  12.1
       D:11 |    5870 |    2808 |  32.4 |      49 |      33 |  40.2
       D:12 |    3811 |    3008 |  44.1 |      22 |      20 |  47.6
       D:13 |    7448 |   12526 |  62.7 |      25 |      42 |  62.7
       D:14 |    9531 |     178 |   1.8 |      34 |       2 |   5.6
       D:15 |   14830 |    9690 |  39.5 |      35 |      11 |  23.9
     Lair:1 |    2330 |       0 |   0.0 |      12 |       0 |   0.0
     Lair:2 |    5982 |    3244 |  35.2 |      24 |       9 |  27.3
     Lair:3 |    7790 |    1420 |  15.4 |      16 |       9 |  36.0
     Lair:4 |   10469 |    9774 |  48.3 |      30 |      59 |  66.3
     Lair:5 |   13299 |      87 |   0.6 |      43 |       2 |   4.4
     Lair:6 |   16323 |   11304 |  40.9 |      50 |      23 |  31.5
   Shoals:1 |    2378 |    1186 |  33.3 |       6 |       3 |  33.3
   Spider:1 |    4127 |    2613 |  38.8 |      18 |       8 |  30.8
   Spider:2 |    9212 |       0 |   0.0 |      25 |       0 |   0.0
   Spider:3 |   22192 |    1655 |   6.9 |      68 |       1 |   1.4
   Spider:4 |   12333 |   15551 |  55.8 |      33 |      48 |  59.3
    Slime:1 |    1341 |       0 |   0.0 |       5 |       0 |   0.0
      Orc:1 |    3262 |   17750 |  84.5 |      25 |      35 |  58.3
      Orc:2 |    2178 |    5949 |  73.2 |      27 |      24 |  47.1
      Elf:1 |   12439 |    6514 |  34.4 |      19 |      12 |  38.7
      Elf:2 |   11412 |    3102 |  21.4 |      19 |       4 |  17.4
      Elf:3 |   11203 |   20014 |  64.1 |      22 |      27 |  55.1
   Vaults:1 |     607 |       0 |   0.0 |       3 |       0 |   0.0
   Depths:1 |    3386 |    4424 |  56.6 |       9 |       7 |  43.8
    Abyss:1 |     932 |       0 |   0.0 |       4 |       0 |   0.0
     Bailey |       0 |    6311 | 100.0 |       0 |      11 | 100.0
    Volcano |       0 |    3644 | 100.0 |       0 |       9 | 100.0
            +---------+---------+-------+---------+---------+-------
